 Dungeon Crawl Stone Soup version 0.30-a0-756-gc2185399d4 (webtiles) character file.

Game seed: 5208795769526170396

72006 HammerPanzer the Axe Maniac (level 14, -3/135 HPs)
             Began as a Minotaur Berserker on Feb 9, 2023.
             Was a High Priest of Trog.
             Slain by a chaos spawn (13 damage)
             ... on level 3 of the Abyss.
             The game lasted 00:55:04 (16503 turns).

HammerPanzer the Axe Maniac (Minotaur Berserker)   Turns: 16503, Time: 00:55:04

Health: -3/135     AC: 19    Str: 36    XL:     14   Next: 99%
Magic:  13/13      EV:  9    Int:  4    God:    Trog [*****.]
Gold:   667        SH:  0    Dex:  9    Spells: 13/13 levels left

rFire   + + .      SeeInvis .    H - +2 battleaxe
rCold   + . .      Faith    .    (shield currently unavailable)
rNeg    . . .      Spirit   .    c - +4 chain mail
rPois   .          Reflect  .    R - +1 hat of Gallantry {rF+ Str+3 Dex-5}
rElec   +          Harm     .    J - +0 cloak
rCorr   .          Rampage  .    l - +0 pair of gloves
Will    +++..                    d - +2 pair of boots Stlth
                                 L - amulet of Leaves {Acrobat rElec Regen+}
HPRegen 1.22/turn                t - +6 ring of strength
MPRegen 0.13/turn                i - ring "Zuhef" {rF+ rC+ Will++ Dex+4}

@: mighty, on berserk cooldown, slowed, very slow
A: horns 2, retaliatory headbutt, noise suppression
a: Renounce Religion, Berserk, Trog's Hand, Brothers in Arms


You were on level 3 of the Abyss.
You worshipped Trog.
Trog was extremely pleased with you.
You visited 3 branches of the dungeon, and saw 18 of its levels.
You visited the Abyss 1 time.
You also visited: Bailey and Ice Cave.

You collected 1447 gold pieces.
You spent 780 gold pieces at shops.

Inventory:

Hand Weapons
 a - a +2 war axe of electrocution
 b - a +0 sling
 H - a +2 battleaxe (weapon)
 N - the +1 hand axe "Etsetepn" {speed, rElec rPois Int-5}
   (You found it on level 12 of the Dungeon)

   Int:       It affects your intelligence (-5).
   rElec:     It insulates you from electricity.
   rPois:     It protects you from poison.
Missiles
 m - 3 throwing nets
 n - 5 atropa-tipped darts
 r - 12 boomerangs (quivered)
 s - 28 poisoned darts
Armour
 c - a +4 chain mail (worn)
 d - a +2 pair of boots (worn)
 l - a +0 pair of gloves (worn)
 J - a +0 cloak (worn)
 P - a +0 kite shield
 R - the +1 hat of Gallantry (worn) {rF+ Str+3 Dex-5}
   (You acquired it on level 2 of the Orcish Mines)

   Str:       It affects your strength (+3).
   Dex:       It affects your dexterity (-5).
   rF:        It protects you from fire.
Jewellery
 i - the ring "Zuhef" (right hand) {rF+ rC+ Will++ Dex+4}
   (You found it in an ice cave)

   [ring of protection from cold]

   Dex:       It affects your dexterity (+4).
   rF:        It protects you from fire.
   rC:        It protects you from cold.
   Will:      It greatly increases your willpower.
 t - a +6 ring of strength (left hand)
 L - the amulet of Leaves (around neck) {Acrobat rElec Regen+}
   (You found it in an ice cave)

   [amulet of the acrobat]

   It increases your evasion while moving and waiting.
   rElec:     It insulates you from electricity.
   Regen:     It increases your rate of health regeneration.
 O - a +4 ring of protection
Wands
 w - a wand of flame (36)
 D - a wand of acid (2)
 E - a wand of digging (1)
 G - a wand of paralysis (8)
 M - a wand of mindburst (12)
Scrolls
 f - a scroll of brand weapon {unknown}
 h - 6 scrolls of fog
 p - 2 scrolls of fear
 v - 12 scrolls of teleportation
 y - a scroll of magic mapping
 B - a scroll of identify
Potions
 e - a potion of curing
 g - a potion of ambrosia {unknown}
 j - 5 potions of attraction
 k - 4 potions of cancellation
 o - 3 potions of flight
 q - a potion of might
 u - 3 potions of brilliance
 x - a potion of haste
 z - 2 potions of lignification
 A - a potion of mutation
 C - 2 potions of invisibility
 I - a potion of experience {unknown}
Miscellaneous
 F - a condenser vane
 K - a condenser vane
 Q - a box of beasts


   Skills:
 + Level 15.0 Fighting
 O Level 27 Axes
 - Level 2.4 Armour
 - Level 2.1 Dodging


You had 13 spell levels left.
You didn't know any spells.
Your spell library was empty.

Dungeon Overview and Level Annotations

Branches:
Dungeon (15/15)            Temple (0/1) D:5            Lair (0/5) D:8
    Orc (2/2) D:10            Elf (1/3) Orc:2        Vaults (0/5) D:13
 Depths (0/4) D:15         Bailey (visited)           IceCv (visited)

Altars:
Elyvilon
Qazlal
Vehumet
Zin

Shops:
D:1 :   D:2 *   D:3 [   D:4 =   D:7 :   D:10 (   Orc:2 :([*

Portals:
Trove: D:12 (give +6 demon trident)

Annotations:
D:10 exclusion: statue


Innate Abilities, Weirdness & Mutations

You have a pair of horns on your head.
You reflexively headbutt those who attack you in melee.
You passively dampen the noise of your surroundings.


Message History

The hell knight is engulfed in blessed fire.
The hell knight hits you from afar with a +3 halberd of distortion!
Space warps around you.
You barely miss the hell knight simulacrum.
The hell knight simulacrum is moderately damaged.
A flying skull comes into view.
The hell knight simulacrum hits you! The hell knight simulacrum freezes you.
You resist.
You barely miss the hell knight simulacrum.
The hell knight simulacrum is moderately damaged.
A tormentor comes into view.
The hell knight is engulfed in blessed fire.
The hell knight hits you from afar with a +3 halberd of distortion!
You blink.
The tormentor moves out of view.
A ynoxinul and an ancient zyme come into view.
You feel a strong urge to attack something.
The ynoxinul gestures.
A chaos spawn comes into view.
You are no longer berserk.
You are exhausted.
You feel yourself slow down.
The chaos spawn roars!
The ynoxinul gestures.
The tormentor calls on the powers of darkness!
Your body is wracked with pain!
* * * LOW HITPOINT WARNING * * *
A smoke demon comes into view.
The smoke demon roars!
The ufetubus shouts!
The smoke demon gestures at you. Something smites you!
* * * LOW HITPOINT WARNING * * *
The smoke demon gestures at you. Something smites you!
* * * LOW HITPOINT WARNING * * *
It was a potion of mutation.
You feel extremely strange.
You feel your surroundings grow quieter.
You feel yourself growing ill in the presence of the ancient zyme.
The chaos spawn barely misses you. You furiously retaliate!
You headbutt the chaos spawn. The chaos spawn hits you!
You die...

. ##. ...# .#
#.#.# ..## ....
### #....
#.#..##.# #...##.
#....##@###.....
# #4##...# # .#.
#5#...#...#.#..
#.
#3.##.........#
.#
#.##..5......##
..# .x#
#4....z.#. ## #.
...#5.##..##
)#..# .###
#.##..5
#....ยง#Z..##
#..# ..53.#
#..#.#p)#..z.#..#


You could see an ancient zyme, a smoke demon, a chaos spawn and an ufetubus
(summoned).

Vanquished Creatures
  2 azure jellies (IceCv)
  A rockslime (IceCv)
  2 orc warlords
  An ophan (Abyss:3)
  4 quicksilver oozes (IceCv)
  The ghost of Umososh the Warrior, a journeyman MiBe of Trog (Orc:1)
  A green death (Abyss:3)
  A hydra (D:14)
  A death knight (D:15)
  5 centaur warriors
  2 two-headed ogres
  Erica (D:11)
  A tengu warrior (D:12)
  A death yak (D:14)
  A boulder beetle (D:11)
  2 orc high priests (Orc:2)
  2 hell knights (Abyss:3)
  A glowing orange brain (shapeshifter) (D:14)
  A shadow demon (Abyss:3)
  5 orc knights
  2 deep elf zephyrmancers
  3 necromancers
  24 ugly things
  2 deep elf pyromancers (D:15)
  3 phantasmal warriors (D:15)
  A cyclops (D:12)
  3 orc sorcerers
  5 manticores (D:14)
  3 centaur zombies (D:15)
  Maurice (D:12)
  A naga mage (D:15)
  2 smoke demons (Abyss:3)
  An unseen horror (shapeshifter) (D:14)
  A centaur skeleton (D:15)
  A cane toad (shapeshifter) (D:13)
  An unseen horror (D:14)
  A tengu conjurer (D:14)
  A komodo dragon (D:10)
  4 rime drakes (D:14)
  An ice devil (Abyss:2)
  3 freezing wraiths (D:14)
  2 polar bears (D:14)
  13 trolls
  A queen bee (shapeshifter) (D:14)
  Prince Ribbit (D:5)
  A wolf spider simulacrum (D:14)
  2 raiju (Abyss:2)
  A flying skull (Abyss:3)
  15 slime creatures
  A shadow (D:11)
  Sigmund (D:3)
  5 centaur simulacra
  A water elemental (D:14)
  3 wraiths
  A vampire (D:11)
  2 fire elementals (D:13)
  5 wyverns
  4 basilisks
  Eustachio (D:5)
  32 yaks
  A steam dragon (D:9)
  A redback simulacrum (D:14)
  2 vampire mosquitoes (D:12)
  7 wargs
  3 acid dragons
  A water moccasin (D:7)
  2 hell hounds (D:14)
  A small abomination (Abyss:3)
  A meliai simulacrum (D:14)
  33 orc warriors
  2 black bears
  3 ice beasts
  5 great orb of eyes simulacra (IceCv)
  7 ogres
  12 centaurs
  6 wolves
  A slime creature simulacrum (IceCv)
  2 phantoms (D:6)
  3 kobold brigands
  2 bullfrogs
  A glowing shapeshifter simulacrum (IceCv)
  2 necrophages
  2 gnoll sergeants
  4 scorpions
  3 wights (D:10)
  3 killer bees (D:6)
  10 howler monkeys
  A vampire bat (Orc:2)
  7 electric eels
  A lava snake (D:14)
  2 hounds
  11 orc priests
  A gnoll bouda (Orc:1)
  4 iguanas
  Terence (D:2)
  2 hell rats (D:14)
  20 orc wizards
  2 boggart simulacra (D:14)
  5 adders
  25 gnolls
  A shadow imp (D:8)
  2 white imps
  7 ufetubi
  A dart slug (D:3)
  58 orcs
  5 endoplasms
  3 giant cockroaches
  10 goblins
  8 hobgoblins
  21 kobolds
  6 quokkas
  10 ball pythons
  12 bats
  9 frilled lizards
  2 rats
  A fire vortex (D:14)
  A lurking horror (Abyss:3)
551 creatures vanquished.

Vanquished Creatures (others)
  A slime creature (IceCv)
  3 fungi (Orc:2)
  3 plants (D:2)
7 creatures vanquished.

Grand Total: 558 creatures vanquished

Notes
Turn   | Place    | Note
-------+----------+-------------------------------------------
     0 | D:1      | HammerPanzer the Minotaur Berserker began the quest for the
                  | Orb.
     0 | D:1      | Reached XP level 1. HP: 19/19 MP: 0/0
    85 | D:1      | Found Quroesmo's Book Shoppe.
    91 | D:1      | Reached skill level 4 in Axes
   161 | D:1      | Reached XP level 2. HP: 26/26 MP: 1/1
   691 | D:2      | Reached skill level 5 in Axes
   707 | D:2      | Reached XP level 3. HP: 28/31 MP: 2/2
   727 | D:2      | Noticed Terence
   730 | D:2      | Killed Terence
   781 | D:2      | Found Terph's General Store.
   827 | D:2      | Reached ** piety under Trog
   885 | D:2      | Reached XP level 4. HP: 39/39 MP: 3/3
   886 | D:2      | Reached skill level 6 in Axes
  1161 | D:3      | Found Zogiti's Armour Shoppe.
  1326 | D:3      | Noticed Sigmund
  1372 | D:4      | Reached skill level 7 in Axes
  1372 | D:4      | Reached XP level 5. HP: 40/45 MP: 4/4
  1403 | D:4      | Found Potoir's Jewellery Shoppe.
  1424 | D:4      | Noticed a black bear
  1432 | D:4      | Killed a black bear
  1504 | D:4      | Reached skill level 8 in Axes
  1514 | D:4      | Reached XP level 6. HP: 46/51 MP: 5/5
  1737 | D:3      | Reached skill level 9 in Axes
  1804 | D:3      | Killed Sigmund
  1805 | D:3      | Reached XP level 7. HP: 57/57 MP: 6/6
  2264 | D:4      | Reached *** piety under Trog
  2265 | D:4      | Reached skill level 10 in Axes
  2309 | D:4      | Found a glowing silver altar of Zin.
  2806 | D:5      | Entered Level 5 of the Dungeon
  2806 | D:5      | Found a staircase to the Ecumenical Temple.
  3071 | D:5      | Noticed Prince Ribbit
  3119 | D:5      | Killed Prince Ribbit
  3120 | D:5      | Reached skill level 11 in Axes
  3201 | D:5      | Reached XP level 8. HP: 32/64 MP: 7/7
  3263 | D:5      | Noticed Eustachio
  3271 | D:5      | Killed Eustachio
  3272 | D:5      | Reached skill level 12 in Axes
  3599 | D:6      | Identified the +4 dagger of Twilight {flame, *Noise rN+
                  | Will+ Int+3}
  3626 | D:6      | Reached skill level 13 in Axes
  4278 | D:7      | Reached skill level 14 in Axes
  4278 | D:7      | Found Utigeish's Book Boutique.
  4334 | D:7      | Reached XP level 9. HP: 60/70 MP: 8/8
  4527 | D:7      | Found a flagged portal.
  4540 | Bailey   | Entered a bailey
  4814 | Bailey   | Reached skill level 15 in Axes
  5702 | D:8      | Noticed a troll
  5724 | D:8      | Killed a troll
  5725 | D:8      | Reached skill level 16 in Axes
  5872 | D:8      | Reached skill level 17 in Axes
  5899 | D:8      | Reached XP level 10. HP: 44/77 MP: 9/9
  6078 | D:8      | Reached **** piety under Trog
  6302 | D:8      | Found a staircase to the Lair.
  6669 | D:9      | Reached skill level 18 in Axes
  7082 | D:9      | Reached skill level 19 in Axes
  7357 | D:9      | Found a stormy altar of Qazlal.
  7365 | D:9      | Found a white marble altar of Elyvilon.
  7539 | D:10     | Entered Level 10 of the Dungeon
  7550 | D:10     | Reached XP level 11. HP: 82/82 MP: 10/10
  7597 | D:10     | Found Ewegaepn's Weapon Shoppe.
  7688 | D:10     | You fall into a shaft and drop 3 floors!
  7767 | D:11     | Reached skill level 20 in Axes
  7827 | D:11     | Noticed a boulder beetle
  7835 | D:11     | Killed a boulder beetle
  8017 | D:11     | Noticed a two-headed ogre
  8023 | D:11     | Killed a two-headed ogre
  8163 | D:11     | Noticed Erica
  8163 | D:11     | Paralysed by Erica for 3 turns
  8171 | D:11     | Killed Erica
  8172 | D:11     | Reached skill level 21 in Axes
  9025 | D:10     | Found a staircase to the Orcish Mines.
  9322 | D:10     | Found a radiant altar of Vehumet.
  9558 | D:12     | Reached skill level 22 in Axes
  9652 | D:12     | Noticed Maurice
  9662 | D:12     | Killed Maurice
  9884 | D:12     | Identified the +1 hand axe "Etsetepn" {speed, rElec rPois
                  | Int-5}
 10010 | D:12     | Reached XP level 12. HP: 74/90 MP: 11/11
 10067 | D:12     | Noticed a tengu warrior
 10068 | D:12     | Noticed a two-headed ogre
 10074 | D:12     | Killed a tengu warrior
 10079 | D:12     | Killed a two-headed ogre
 10313 | D:12     | Found a portal to a secret trove of treasure.
 10782 | D:13     | Noticed a centaur warrior
 10783 | D:13     | Found a gate to the Vaults.
 10795 | D:13     | Killed a centaur warrior
 10796 | D:13     | Reached skill level 23 in Axes
 10811 | D:13     | Found a stormy altar of Qazlal.
 10822 | D:13     | Noticed a centaur warrior
 10831 | D:13     | Killed a centaur warrior
 11040 | D:13     | Noticed a centaur warrior
 11099 | D:12     | Killed a centaur warrior
 11356 | D:14     | Noticed a death yak
 11368 | D:14     | Killed a death yak
 11369 | D:14     | Reached skill level 24 in Axes
 11551 | D:14     | Reached skill level 25 in Axes
 11551 | D:14     | Reached XP level 13. HP: 74/95 MP: 12/12
 11574 | D:14     | Reached ***** piety under Trog
 11664 | D:14     | Found a frozen archway.
 11691 | IceCv    | Entered an ice cave
 11815 | IceCv    | Noticed a quicksilver ooze
 11819 | IceCv    | Killed a quicksilver ooze
 11909 | IceCv    | Noticed a quicksilver ooze
 11918 | IceCv    | Killed a quicksilver ooze
 11922 | IceCv    | Got the ring "Zuhef" {rF+ rC+ Will++ Dex+4}
 12139 | IceCv    | Noticed a quicksilver ooze
 12148 | IceCv    | Killed a quicksilver ooze
 12149 | IceCv    | Reached skill level 26 in Axes
 12234 | IceCv    | Noticed a rockslime
 12236 | IceCv    | Found a viscous altar of Jiyva.
 12236 | IceCv    | Noticed an azure jelly
 12246 | IceCv    | Killed a rockslime
 12248 | IceCv    | Killed an azure jelly
 12315 | IceCv    | Noticed a quicksilver ooze
 12315 | IceCv    | Noticed an azure jelly
 12321 | IceCv    | Killed a quicksilver ooze
 12322 | IceCv    | Killed an azure jelly
 12383 | IceCv    | Identified the amulet of Leaves {Acrobat rElec Regen+}
 12646 | D:14     | Reached skill level 27 in Axes
 12861 | D:14     | Reached skill level 5 in Fighting
 12943 | D:14     | Reached XP level 14. HP: 107/111 MP: 13/13
 13069 | D:14     | Received a gift from Trog
 13191 | D:15     | Entered Level 15 of the Dungeon
 13876 | D:15     | Reached skill level 10 in Fighting
 13930 | D:15     | Found a staircase to the Depths.
 14516 | Orc:1    | Entered Level 1 of the Orcish Mines
 14706 | Orc:1    | Noticed an orc warlord
 14722 | Orc:1    | Killed an orc warlord
 14797 | Orc:1    | Received a gift from Trog
 15110 | Orc:1    | Found a runed translucent door.
 15111 | Orc:1    | Noticed Umososh's ghost (journeyman MiBe)
 15124 | Orc:1    | Killed Umososh's ghost
 15556 | Orc:2    | Entered Level 2 of the Orcish Mines
 15556 | Orc:2    | Found a staircase to the Elven Halls.
 15561 | Orc:2    | Noticed an orc warlord
 15577 | Orc:2    | Killed an orc warlord
 15691 | Orc:2    | Found Sasimaups's Antique Armour Shoppe.
 15728 | Orc:2    | Found Dataotez's Antique Weapon Shoppe.
 15890 | Orc:2    | Found Vatosa Vaaq's Book Boutique.
 15998 | Orc:2    | Found Keegal's General Store.
 16025 | Orc:2    | Bought a scroll of acquirement for 780 gold pieces
 16025 | Orc:2    | Acquired the +1 hat of Gallantry {rF+ Str+3 Dex-5}
 16289 | Elf:1    | Entered Level 1 of the Elven Halls
 16301 | Abyss:2  | Cast into level 2 of the Abyss (orc sorcerer)
 16386 | Abyss:3  | Received a gift from Trog
 16455 | Abyss:3  | Noticed an ophan
 16469 | Abyss:3  | Killed an ophan
 16493 | Abyss:3  | Reached skill level 15 in Fighting
 16501 | Abyss:3  | HP: 6/135 [smoke demon/divine providence (11)]
 16503 | Abyss:3  | Gained mutation: You passively dampen the noise of your
                  | surroundings. [potion of mutation]
 16503 | Abyss:3  | Slain by a chaos spawn

Illustrated notes

Levels and vault maps discovered:
D:1:      mushboom_english_gardens, layout_basic, serial_shops, shop,
          dk_noncrumbling_2
D:2:      layout_rooms, serial_shops, nicolae_shop_crystal, minmay_lizard_king,
          uniq_terence
D:3:      layout_basic, serial_shops, shop, nicolae_underground_beach,
          uniq_sigmund
D:4:      layout_basic, nicolae_overflow_crystal_walls, serial_shops,
          nicolae_lakefront_shop
D:5:      layout_loops_cross, temple_pool_b, grunt_tough_drop,
          uniq_prince_ribbit1, uniq_eustachio
D:6:      layout_basic
D:7:      layout_loops_ring, serial_shops, shop, enter_bailey_4
D:8:      layout_loops_corners, erik_lair_island
D:9:      layout_gridville, minitemple, serial_glass, glass_columns_b,
          glass_columns_a, nicolae_wwwww
D:10:     layout_roguey, vehumet_statue, minmay_orc_entry_temple_small,
          serial_shops, shop
D:11:     layout_loops_corners, uniq_erica
D:12:     layout_layer_cave, enter_trove_3, chequers_mini_garden, uniq_maurice
D:13:     layout_big_octagon, nicolae_qazlal_general_emergency
D:14:     layout_basic, kennysheep_big_empty_room, serial_ice, serial_ice_f,
          serial_ice_n, serial_ice_i, serial_ice_o,
          portal_ice_cave_entry_frozen_things, special_room
          [special_room_mythical_zoo]
D:15:     grunt_enter_depths_magical_seal, layout_basic,
          nicolae_concentric_dashed_squares_wild
Orc:1:    layout_caves, gammafunk_ghost_grave
Orc:2:    grunt_orc_gardens, layout_diamond_mine, grunt_orc_garden,
          grunt_orc_garden, grunt_orc_garden, grunt_orc_garden, roderic_batcave,
          abandoned_shop, nicolae_orc_crystal_geode
Elf:1:    nicolae_elf_arrival_no_cutting_in_line, layout_gridlike,
          hangedman_corner_corridor, minmay_fountain_box, minmay_shop_star
Abyss:3:  base: Lair:4, minivault_11, minivault_13

Skill      XL: |  1  2  3  4  5  6  7  8  9 10 11 12 13 14 |
---------------+-------------------------------------------+-----
Axes           | 4 5 7 8 9 11 14 17 19 22 25 27 | 27.0
Fighting       | 6 15 | 15.0
Armour         | |  2.4
Dodging        | |  2.1

Action                     |  1- 3 |  4- 6 |  7- 9 | 10-12 | 13-15 || total
---------------------------+-------+-------+-------+-------+-------++-------
  Melee: Hand axe          |    75 |   108 |     1 |       |       ||   184
         Headbutt          |     7 |    10 |    37 |    96 |   126 ||   276
         War axe           |       |       |   203 |   395 |   355 ||   953
         Punch             |       |       |     2 |     4 |       ||     6
         Battleaxe         |       |       |       |       |   212 ||   212
   Fire: Sling             |       |       |    32 |       |       ||    32
  Throw: Dart              |       |     2 |    12 |     7 |       ||    21
         Throwing net      |       |       |     1 |       |       ||     1
         Boomerang         |       |       |       |       |     4 ||     4
 Invoke: Berserk           |     1 |     2 |     5 |    19 |    20 ||    47
    Use: Scroll            |     7 |     3 |     6 |     9 |     7 ||    32
         Potion            |       |       |       |    12 |     6 ||    18
 Armour: Animal skin       |     4 |       |       |       |       ||     4
         Ring mail         |     8 |       |       |       |       ||     8
         Chain mail        |    13 |    68 |   122 |   229 |   262 ||   694
  Dodge: Dodged            |    40 |    35 |   119 |   119 |   254 ||   567
  Block: Kite shield       |       |       |       |    62 |   102 ||   164

Table legend: (Time is in decaauts)
 A = Elapsed time spent in this place.
 B = Non-inter-level travel time spent in this place.
 C = Inter-level travel time spent in this place.
 D = Time resting spent in this place.
 E = Time spent auto-exploring this place.
 F = Levels seen in this place.
 G = Mean time per level.
                   A        B        C        D        E       F      G
               +--------+--------+--------+--------+--------+-----+--------+
         Total |  16714 |  15734 |    980 |   2438 |   9338 |  22 |  759.7 |
       Dungeon |  13584 |  12643 |    941 |   1292 |   8494 |  15 |  905.6 |
  Orcish Mines |   1433 |   1395 |     38 |    208 |    827 |   2 |  716.5 |
   Elven Halls |     10 |     10 |      0 |      0 |      0 |   1 |   10.0 |
         Abyss |    201 |    201 |      0 |     32 |      0 |   2 |  100.5 |
        Bailey |    656 |    656 |      0 |    393 |      0 |   1 |  656.0 |
      Ice Cave |    827 |    827 |      0 |    510 |     17 |   1 |  827.0 |
               +--------+--------+--------+--------+--------+-----+--------+

Top non-repeatable levels by time:
    D:12: 1629 daAuts
    D:14: 1207 daAuts
    D:15: 1162 daAuts
     D:8: 1098 daAuts
    D:11: 1093 daAuts
     D:3: 962 daAuts
     D:9: 924 daAuts
    D:10: 893 daAuts
   IceCv: 827 daAuts
     D:7: 798 daAuts
     D:4: 794 daAuts
     D:6: 744 daAuts
   Orc:1: 743 daAuts
     D:5: 712 daAuts
     D:1: 692 daAuts
